 Dungeon Crawl Stone Soup version 0.28-a0-706-gf6f64a616a (webtiles) character file.

Game seed: 15979786866299163865

3439 Twinkles the Cudgeller (level 10, -9/79 HPs)
             Began as a Human Berserker on Oct 23, 2021.
             Was a Priest of Trog.
             Mangled by a two-headed ogre (21 damage)
             ... on level 6 of the Dungeon on Oct 24, 2021.
             The game lasted 00:39:39 (10451 turns).

Twinkles the Cudgeller (Human Berserker)           Turns: 10451, Time: 00:39:40

Health: -9/79      AC: 20    Str: 21    XL:     10   Next: 26%
Magic:  10/10      EV: 12    Int:  7    God:    Trog [***...]
Gold:   363        SH:  3    Dex: 13    Spells: 9/9 levels left

rFire   . . .      SeeInvis .   D - +3 flail (holy)
rCold   . . .      Faith    .   l - +0 buckler
rNeg    . . .      Spirit   .   M - +0 plate armour
rPois   .          Reflect  .   (no helmet)
rElec   .          Harm     .   P - +1 cloak
rCorr   .          Rampage  .   z - +0 pair of gloves
Will    .....                   (no boots)
Stlth   ..........              (no amulet)
HPRegen 0.23/turn               F - +4 ring of evasion
MPRegen 0.12/turn               t - +4 ring of protection

@: on berserk cooldown, slowed, very slow
A: no striking features
a: Renounce Religion, Berserk, Trog's Hand


You were on level 6 of the Dungeon.
You worshipped Trog.
Trog was most pleased with you.
You visited 1 branch of the dungeon, and saw 8 of its levels.

You collected 508 gold pieces.
You spent 145 gold pieces at shops.

Inventory:

Hand Weapons
 a - a +0 mace
 j - a +0 hunting sling
 o - a +0 trident
 v - a +0 flail
 B - a +3 war axe
 C - a +2 war axe of freezing
 D - a +3 flail of holy wrath (weapon)
 R - a +0 morningstar
Missiles
 n - 87 bolts
 r - 7 boomerangs
 s - 432 stones (quivered)
 u - 15 poisoned darts
 I - 16 sling bullets
Armour
 b - a +0 animal skin
 k - a +0 leather armour
 l - a +0 buckler (worn)
 p - a +0 ring mail
 z - a +0 pair of gloves (worn)
 G - a scarf of invisibility
 M - a +0 plate armour (worn)
 P - a +1 cloak (worn)
 S - a +0 buckler
Jewellery
 q - the ring of Jailogre {Fly Str+5}
   (You bought it in a shop on level 2 of the Dungeon)

   [ring of flight]

   Str:       It affects your strength (+5).
   Fly:       It grants you flight.
 t - a +4 ring of protection (right hand)
 w - a +6 ring of strength
 F - a +4 ring of evasion (left hand)
Wands
 d - a wand of digging (4)
 h - a wand of acid (21)
 i - a wand of iceblast (21)
Scrolls
 e - 2 scrolls of amnesia
 f - a scroll of noise
 g - a scroll of teleportation {unknown}
 m - 2 scrolls of enchant armour
 x - a scroll of vulnerability {unknown}
 y - a scroll of enchant weapon
 E - a scroll of blinking {unknown}
 K - a scroll of torment {unknown}
 X - a scroll of magic mapping
Potions
 c - a potion of ambrosia {unknown}
 A - a potion of attraction
 H - 3 potions of degeneration
 J - a potion of curing
 L - a potion of flight
 N - 2 potions of heal wounds
 O - a potion of magic {unknown}


   Skills:
 + Level 7.6 Fighting
 + Level 7.6 Maces & Flails
 + Level 7.2 Armour
 + Level 7.3 Dodging


You had 9 spell levels left.
You didn't know any spells.
Your spell library was empty.

Dungeon Overview and Level Annotations

Branches:
Dungeon (8/15)             Temple (0/1) D:4
   Lair: D:8-11

Altars:
Dithmenos

Shops:
D:2 *   D:4 *   D:5 *[


Message History

You sock the wyvern!
The wyvern is severely wounded.
You block the wyvern's attack.
You closely miss the wyvern.
The wyvern is severely wounded.
The wyvern closely misses you.
You sock the wyvern!
You kill the wyvern!
Trog accepts your kill.
You start resting.
You feel a strong urge to attack something.
You feel your anger nearly subside.
You are no longer berserk.
You are exhausted.
You feel yourself slow down.
A two-headed ogre is nearby!
The two-headed ogre shouts in stereo!
There is a stone staircase leading up, spattered with blood here.
The two-headed ogre barely misses you.
The two-headed ogre hits you with a +0 giant club.
You climb upwards.
There is a stone staircase leading down here.
Okay, then.
Okay, then.
Unknown command.
As you read the scroll labelled DITWOI NODU, it crumbles to dust.
You hear a loud clanging noise!
It was a scroll of noise.
f - a scroll of noise;
H - 3 potions of degeneration The two-headed ogre completely misses you.
The two-headed ogre hits you with a +0 giant club!
* * * LOW HITPOINT WARNING * * *
As you read the scroll labelled CECAFA ANUKACHA, it crumbles to dust.
The creatures around you are filled with an inner flame!
It was a scroll of immolation.
The two-headed ogre hits you with a +0 giant club!
* * * LOW HITPOINT WARNING * * *
The two-headed ogre hits you but does no damage.
The two-headed ogre barely misses you.
The two-headed ogre hits you with a +0 giant club!!
You die...

......##.###..........#.....#
...##.##..#........#......###
###................#......#
###.....................###
#................#........#
.................###......##
...........................#
......................###..#
...............O@.....# #.##
....#.................###.##
...##...................#..##
...###................#.....#
..## #............#..##...###
..####......#....###....###
....##..........## ##.....###
....#...##.......####.......#
###..............##.......###


You could see a two-headed ogre (inner flame).

Vanquished Creatures
  Joseph (D:7)
  2 wyverns
  2 yaks (D:8)
  A steam dragon (D:7)
  An orc warrior (D:8)
  A black bear (D:7)
  An ice beast (D:6)
  A sky beast (D:8)
  An ogre (D:5)
  3 necrophages
  2 centaurs
  4 bullfrogs
  A gnoll sergeant (D:8)
  3 scorpions
  A wyvern zombie (D:8)
  5 wights (D:5)
  4 howler monkeys
  A centaur zombie (D:7)
  3 jellies (D:6)
  5 hounds
  Jessica (D:2)
  5 iguanas
  3 orc wizards
  A howler monkey zombie (D:7)
  11 adders
  A howler monkey skeleton (D:6)
  A shadow imp (D:8)
  A white imp (D:8)
  2 adder skeletons (D:4)
  2 worms
  2 dart slugs (D:1)
  31 orcs
  6 bats
  6 endoplasms
  6 giant cockroaches
  7 goblins
  2 hobgoblins (D:1)
  3 jackals (D:1)
  4 quokkas
  6 ball pythons
  A frilled lizard (D:2)
  6 kobolds
  4 rats
155 creatures vanquished.

Vanquished Creatures (others)
  11 plants (D:8)
11 creatures vanquished.

Grand Total: 166 creatures vanquished

Notes
Turn   | Place    | Note
-------+----------+-------------------------------------------
     0 | D:1      | Twinkles the Human Berserker began the quest for the Orb.
     0 | D:1      | Reached XP level 1. HP: 18/18 MP: 1/1
   178 | D:1      | Reached XP level 2. HP: 12/24 MP: 2/2
   766 | D:1      | Reached XP level 3. HP: 17/29 MP: 3/3
  1332 | D:2      | Found a shadowy altar of Dithmenos.
  1674 | D:2      | Reached ** piety under Trog
  1759 | D:2      | Found Guno's Assorted Antiques.
  1958 | D:2      | Noticed Jessica
  1962 | D:2      | Killed Jessica
  1963 | D:2      | Reached XP level 4. HP: 35/35 MP: 4/4
  2628 | D:3      | Found a faded altar of an unknown god.
  3025 | D:3      | Noticed a sky beast
  3088 | D:2      | Reached XP level 5. HP: 42/42 MP: 5/5
  3185 | D:2      | Bought a scintillating tin ring for 145 gold pieces
  3185 | D:2      | Identified the ring of Jailogre {Fly Str+5} (You bought it
                  | in a shop on level 2 of the Dungeon)
  3922 | D:4      | Found a staircase to the Ecumenical Temple.
  3977 | D:4      | Noticed a necrophage
  3998 | D:4      | Killed a necrophage
  3999 | D:4      | Reached XP level 6. HP: 48/48 MP: 6/6
  4318 | D:4      | Upgraded the game from 0.28-a0-697-g47f3eba078 to
                  | 0.28-a0-706-gf6f64a616a
  4474 | D:4      | Found Kaisch's Assorted Antiques.
  4765 | D:4      | Reached XP level 7. HP: 55/55 MP: 7/7
  4795 | D:4      | HP: 16/55 [something/puff of flame (1)]
  5369 | D:5      | Entered Level 5 of the Dungeon
  5503 | D:5      | Found Hug Soox's Elemental Accessories.
  6506 | D:5      | Found Onyn's Antique Armour Boutique.
  6541 | D:5      | Reached skill level 5 in Fighting
  6541 | D:5      | Reached skill level 5 in Maces & Flails
  6561 | D:5      | Reached XP level 8. HP: 61/62 MP: 8/8
  7021 | D:5      | Reached skill level 5 in Dodging
  7143 | D:6      | Reached skill level 5 in Armour
  7143 | D:6      | Reached *** piety under Trog
  7673 | D:6      | Reached XP level 9. HP: 69/69 MP: 9/9
  8289 | D:7      | Noticed Joseph
  8290 | D:7      | Noticed a two-headed ogre
  8534 | D:7      | Killed Joseph
  9853 | D:8      | Reached XP level 10. HP: 66/79 MP: 10/10
 10376 | D:8      | Noticed a two-headed ogre
 10449 | D:6      | HP: 18/79 [two-headed ogre (9)]
 10451 | D:6      | Mangled by a two-headed ogre

Illustrated notes

Levels and vault maps discovered:
D:1:      zaba_arrival_water, layout_loops_ring, grunt_decor_cap
D:2:      layout_basic, serial_shops, shop, basic_altar,
          kennysheep_jessica_study
D:3:      layout_basic, shapermc_ecumenical_altar_starsandcircs,
          chequers_serial_rivers_micro_e, st_stairs_10, minivault_5
D:4:      layout_gridville, temple_doors_e, serial_shops, kennysheep_mini,
          dk_rats_in_the_wall
D:5:      layout_gridville, serial_shops, nicolae_shop_trees,
          nicolae_elemental_shop, guppyfry_early_lair_pool
D:6:      layout_cave_pools
D:7:      layout_rooms, uniq_joseph
D:8:      nzn_winding_woodlands_three_and_one
          [nzn_winding_woodlands_5x15_pathside_ponds,
          nzn_winding_woodlands_5x15_eye,
          nzn_winding_woodlands_5x15_river_crossing,
          nzn_winding_woodlands_center_garden], layout_loops_ring

Skill      XL: |  1  2  3  4  5  6  7  8  9 10 |
---------------+-------------------------------+-----
Armour         | 3 4 5 6 7 |  7.2
Dodging        | 3 4 5 6 7 |  7.3
Fighting       | 4 5 6 7 |  7.6
Maces & Flails | 4 5 6 7 |  7.6

Action                   |  1- 3 |  4- 6 |  7- 9 | 10-12 || total
-------------------------+-------+-------+-------+-------++-------
Melee: Mace              |    97 |    65 |       |       ||   162
       Flail             |       |    55 |   247 |    48 ||   350
       War axe           |       |       |    37 |       ||    37
Invok: Berserk           |     3 |    11 |    19 |     2 ||    35
       Trog's Hand       |       |     2 |     2 |       ||     4
  Use: Scroll            |       |     7 |     4 |     2 ||    13
 Stab: Sleeping          |     1 |     1 |       |       ||     2
       Distracted        |     1 |       |       |       ||     1
Armor: Animal skin       |    33 |    19 |       |       ||    52
       Leather armour    |       |     4 |       |       ||     4
       Ring mail         |       |     1 |    88 |       ||    89
       Plate armour      |       |       |    29 |    35 ||    64
Dodge: Dodged            |    68 |    57 |   149 |    40 ||   314
Block: Buckler           |     1 |    16 |    35 |     6 ||    58

Table legend: (Time is in decaauts)
 A = Elapsed time spent in this place.
 B = Non-inter-level travel time spent in this place.
 C = Inter-level travel time spent in this place.
 D = Time resting spent in this place.
 E = Time spent auto-exploring this place.
 F = Levels seen in this place.
 G = Mean time per level.
                   A        B        C        D        E       F      G
               +--------+--------+--------+--------+--------+-----+--------+
         Total |  10881 |   9961 |    920 |   2699 |   5324 |   8 | 1360.1 |
       Dungeon |  10881 |   9961 |    920 |   2699 |   5324 |   8 | 1360.1 |
               +--------+--------+--------+--------+--------+-----+--------+

Top non-repeatable levels by time:
     D:5: 1738 daAuts
     D:6: 1719 daAuts
     D:2: 1631 daAuts
     D:4: 1562 daAuts
     D:1: 1349 daAuts
     D:8: 1305 daAuts
     D:3: 1023 daAuts
     D:7: 552 daAuts
